 Dungeon Crawl Stone Soup version 0.23.0-3-gf3c87f2 (webtiles) character file.

Game seed: 13644967127015097803

81 Lanoc the Skirmisher (level 4, -1/37 HPs)
             Began as a Demonspawn Chaos Knight on Feb 23, 2019.
             Was a Plaything of Xom.
             Killed from afar by a smoke demon (9 damage)
             ... with a sticky flame
             ... summoned by Xom
             ... on level 2 of the Dungeon.
             The game lasted 00:03:01 (1566 turns).

Lanoc the Skirmisher (Demonspawn Chaos Knight)      Turns: 1566, Time: 00:03:02

Health: -1/37      AC:  5    Str: 14    XL:     4   Next: 20%
Magic:  4/4        EV: 11    Int: 13    God:    Xom [......]
Gold:   137        SH:  3    Dex: 12    Spells: 3/3 levels left

rFire    . . .     SeeInvis .   a - +0 falchion (chaos)
rCold    . . .     Gourm    .   o - +0 buckler
rNeg     . . .     Faith    .   b - +2 leather armour
rPois    .         Spirit   .   (helmet restricted)
rElec    .         Reflect  .   (no cloak)
rCorr    .         Harm     .   (no gloves)
MR       .....                  (no boots)
Stlth    +.........             (no amulet)
HPRegen  0.12/turn              (no ring)
MPRegen  0.09/turn              (no ring)

@: liquid flames, glowing
A: antennae 1, blurry vision 1, screaming 1, spiny 1
a: Renounce Religion


You were on level 2 of the Dungeon.
You worshipped Xom.
You were a very special plaything of Xom.
You were not hungry.

You visited 1 branch of the dungeon, and saw 2 of its levels.

You collected 137 gold pieces.

Inventory:

Hand Weapons
 a - a +0 falchion of chaos (weapon)
Armour
 b - a +2 leather armour (worn)
 o - a +0 buckler (worn)
Scrolls
 e - a scroll of remove curse {unknown}
 i - a scroll of enchant armour {unknown}
 j - a scroll of noise {unknown}
 k - a scroll of blinking {unknown}
 l - 2 scrolls of teleportation {unknown}
 p - a scroll of identify {unknown}
Potions
 d - 2 potions of heal wounds {unknown}
 f - a potion of haste {unknown}
 g - a potion of berserk rage {unknown}
 h - 6 potions of curing {unknown}
 m - a potion of lignification {unknown}
 n - a potion of invisibility {unknown}
 q - a potion of degeneration {unknown}
Comestibles
 c - 5 rations


   Skills:
 + Level 3.8 Fighting
 - Level 2.6 Long Blades
 + Level 2.7 Armour
 + Level 2.1 Dodging


You had 3 spell levels left.
You didn't know any spells.
Your spell library was empty.

Dungeon Overview and Level Annotations

Branches:
Dungeon (2/15)

Altars:


Innate Abilities, Weirdness & Mutations

You are partially covered in sharp spines.
You have a pair of small antennae on your head.
Scrolls take you a little longer to read.
You occasionally shout uncontrollably at your foes.


Message History

You slash the smoke demon!
The smoke demon convulses.
The smoke demon is moderately wounded.
Something barely misses you. The smoke demon hits you.
You block the smoke demon's attack. The smoke demon hits you.
You hit the smoke demon.
The smoke demon is moderately wounded.
Something hits you! The smoke demon hits you.
* * * LOW HITPOINT WARNING * * *
The smoke demon hits you.
* * * LOW HITPOINT WARNING * * *
The smoke demon hits you.
* * * LOW HITPOINT WARNING * * *
You hit the smoke demon but do no damage.
The light around the smoke demon dims momentarily.
The smoke demon is moderately wounded.
The smoke demon gestures at you. The sticky flame hits you!
You are covered in liquid flames!
You die... "It was about time."

####+ ############ #....
#..........# #.... #..........#
####.... #)....{....#...
........ ########......@...'...
........ #.............3...#...
........
#.................#########....
#........................#####.
#........................#####.
#........>...............+.....
#........................#####.
#.........(..........)...# #.
#........................#####.


You could see a smoke demon.

Vanquished Creatures
  2 adders (D:2)
  3 worms (D:2)
  4 leopard geckos
  7 bats
  3 giant cockroaches
  7 goblins
  5 hobgoblins
  2 quokkas (D:2)
  A ball python (D:1)
  5 frilled lizards
  6 kobolds
  9 rats
54 creatures vanquished.

Notes
Turn   | Place    | Note
-------+----------+-------------------------------------------
     0 | D:1      | Lanoc the Demonspawn Chaos Knight began the quest for the
                  | Orb.
     0 | D:1      | Reached XP level 1. HP: 18/18 MP: 1/1
   155 | D:1      | Reached skill level 1 in Dodging
   323 | D:1      | Gained mutation: You are partially covered in sharp spines.
                  | [demonic ancestry]
   323 | D:1      | Reached XP level 2. HP: 19/24 MP: 2/2
   472 | D:1      | XOM: enchant monster (bad)
   553 | D:1      | XOM: cloud trail
   815 | D:2      | Reached XP level 3. HP: 29/29 MP: 3/3
  1055 | D:2      | XOM: noise
  1338 | D:2      | Reached XP level 4. HP: 37/37 MP: 4/4
  1354 | D:2      | XOM: give mutations
  1354 | D:2      | Gained mutation: Scrolls take you a little longer to read.
                  | [Xom's mischief]
  1354 | D:2      | Gained mutation: You have a pair of small antennae on your
                  | head. [Xom's mischief]
  1354 | D:2      | Gained mutation: You occasionally shout uncontrollably at
                  | your foes. [Xom's mischief]
  1367 | D:2      | XOM: smoke on damage
  1367 | D:2      | XOM: torment (20/37 hp)
  1561 | D:2      | XOM: summons 2 hostile demons
  1562 | D:2      | Noticed a smoke demon
  1566 | D:2      | Killed from afar by a smoke demon

Skill      XL: |  1  2  3 |
---------------+----------+-----
Dodging        | 1 2 |  2.1
Armour         | 2 |  2.7
Fighting       | |  3.8
Long Blades    | |  2.6

Action                   |  1- 3 |  4- 6 || total
-------------------------+-------+-------++-------
Melee: Falchion          |   104 |    22 ||   126
 Stab: Paralysed         |     1 |       ||     1
  Eat: Chunk             |     1 |     1 ||     2
Armor: Leather armour    |    37 |     4 ||    41
Dodge: Dodged            |    60 |    14 ||    74
Block: Buckler           |       |     2 ||     2
       Rpst.: Falchion   |    16 |     1 ||    17
